 Dungeon Crawl Stone Soup version 0.31-a0-1144-g99969ba (webtiles) character file.

Game seed: 12377469306713580476

1692753 Kearsarge the Merfolkian Porcupine (level 26, 242/242 HPs)
             Began as a Merfolk Fighter on Dec 6, 2023.
             Was an Initiate of Gozag.
             Escaped with the Orb
             ... and 3 runes!
             The game lasted 01:44:03 (64105 turns).

Kearsarge the Merfolkian Porcupine (MfFi)          Turns: 64105, Time: 01:44:03

Health: 242/242    AC: 29    Str: 33    XL:     26   Next: 45%
Magic:  23/23      EV: 14    Int:  8    God:    Gozag
Gold:   1562       SH: 33    Dex: 16    Spells: 25/25 levels left

rFire   + + .        r - +4 demon trident (heavy)
rCold   + + +        b - +10 tower shield of Ignorance {rN+ Int-4}
rNeg    + + +        v - +10 gold dragon scales
rPois   +            W - -2 hat of the Alchemist {rElec rPois rF+ rC+ rN+ Will+ rMut rCorr}
rElec   +            (no cloak)
rCorr   +            Y - +2 pair of gloves
SInv    +            a - +0 pair of boots "Plog" {+Inv rC+ Int+4}
Will    ++...        T - amulet of Vitality {RegenMP++ Regen++} Stlth
                     S - ring of positive energy
HPRegen 2.20/turn    V - +6 ring of strength
MPRegen 0.98/turn

%: resist mutation
@: gold aura
A: (nimble swimmer 2), mertail, see invisible, passive freeze, sense
surroundings 1, strong 1
0: Orb of Zot
}: 3/15 runes: decaying, serpentine, silver
a: Renounce Religion, Evoke Invisibility, Potion Petition, Call Merchant, Bribe
Branch


You escaped.
You worshipped Gozag.
Gozag was most pleased with you.
You visited 10 branches of the dungeon, and saw 48 of its levels.
You visited 1 ziggurat, and saw 2 of its levels.
You also visited: Sewer and Gauntlet.

You collected 27677 gold pieces.
You spent 6510 gold pieces at shops.
You paid 19605 gold pieces to Gozag.

Inventory:

Hand Weapons
 r - a +4 heavy demon trident (weapon)
Missiles
 w - 13 curare-tipped darts
Armour
 a - the +0 pair of boots "Plog" (worn) {+Inv rC+ Int+4}
   (You found it on level 3 of the Elven Halls)

   Int+4:     It affects your intelligence (+4).
   rC+:       It protects you from cold.
   +Inv:      It lets you turn invisible.
 b - the +10 tower shield of Ignorance (worn) {rN+ Int-4}
   (You found it on level 5 of the Vaults)

   Int-4:     It affects your intelligence (-4).
   rN+:       It protects you from negative energy.
 c - a +2 tower shield of resistance
 v - +10 gold dragon scales (worn)
 B - +2 pearl dragon scales
 Q - the +0 mask of the Dragon {Will+ Slay+3 SInv}
   (You bought it in a shop on level 13 of the Dungeon)

   Slay+3:    It affects your accuracy & damage with ranged weapons and melee
   (+3).
   Will+:     It increases your willpower.
   SInv:      It lets you see invisible.
 W - the -2 hat of the Alchemist (worn) {rElec rPois rF+ rC+ rN+ Will+ rMut rCorr}
   (You found it on level 3 of the Vaults)

   rF+:       It protects you from fire.
   rC+:       It protects you from cold.
   rElec:     It insulates you from electricity.
   rPois:     It protects you from poison rN+: It protects you from negative
   energy.
   Will+:     It increases your willpower.
   rCorr:     It protects you from acid and corrosion.
   rMut:      It protects you from mutation.
 Y - a +2 pair of gloves (worn)
Jewellery
 D - a ring of flight
 E - the ring of Dajac {Ice Int+2}
   (You took it off Josephina on level 2 of the Depths)

   [ring of ice]

   Ice:       It enhances your ice magic.
   Int+2:     It affects your intelligence (+2).
   rF-:       It makes you vulnerable to fire.
   rC+:       It protects you from cold.
 S - a ring of positive energy (left hand)
 T - the amulet of Vitality (around neck) {RegenMP++ Regen++}
   (You found it on level 5 of the Vaults)

   [amulet of magic regeneration]

   RegenMP:   It increases your rate of magic regeneration.
   Regen++:   It increases your rate of health regeneration.
 V - a +6 ring of strength (right hand)
Talismans
 o - a storm talisman
Wands
 f - a wand of light (22)
 G - a wand of paralysis (8)
 I - a wand of digging (7)
 M - a wand of polymorph (22)
 N - a wand of roots (55)
 Z - a wand of mindburst (12)
Scrolls
 g - 4 scrolls of teleportation
 u - 5 scrolls of fear
 x - 5 scrolls of fog
 y - 2 scrolls of torment
 A - 4 scrolls of poison
 F - 10 scrolls of amnesia
 K - 2 scrolls of immolation
 P - a scroll of summoning
 U - 2 scrolls of vulnerability
 X - 2 scrolls of brand weapon
Potions
 d - 5 potions of might
 e - 8 potions of brilliance
 j - 5 potions of attraction
 l - 7 potions of berserk rage
 m - 9 potions of mutation
 n - 5 potions of magic
 q - 11 potions of curing
 s - 2 potions of resistance
 z - 6 potions of cancellation
 C - a potion of ambrosia
 H - 6 potions of lignification
 J - 5 potions of haste
 O - 4 potions of enlightenment
 R - 7 potions of heal wounds
Miscellaneous
 p - a box of beasts
 t - a condenser vane
 L - a lightning rod (4/4)


   Skills:
 O Level 27 Fighting
 O Level 27 Polearms
 - Level 8.0 Armour
 - Level 18.1 Dodging
 + Level 22.4 Shields
 - Level 10.2 Unarmed Combat
 - Level 22.4 Shapeshifting


You had 25 spell levels left.
You didn't know any spells.
Your spell library contained the following spells:

 Spells                   Type           Power      Damage    Failure   Level
 Freeze                   Ice            0%         1d3       100%        1
 Slow                     Hex            0%         N/A       100%        1
 Sting                    Tmut/Pois      0%         1d3       100%        1
 Blink                    Tloc           0%         N/A       100%        2
 Cigotuvi's Dreadful Rot  Necr/Pois/Air  0%         N/A       100%        2
 Passwall                 Tmut/Erth      0%         N/A       100%        2
 Poisonous Vapours        Pois/Air       0%         N/A       100%        2
 Scorch                   Fire           0%         2d5       100%        2
 Static Discharge         Conj/Air       0%         3-3/arc   100%        2
 Wereblood                Tmut           0%         N/A       100%        2
 Confusing Touch          Hex            0%         N/A       100%        3
 Dazzling Flash           Conj/Hex       0%         N/A       100%        3
 Frozen Ramparts          Ice            0%         1d1       100%        3
 Hailstorm                Conj/Ice       0%         3d5       100%        3
 Ozocubu's Armour         Ice            0%         N/A       100%        3
 Sigil of Binding         Hex            0%         N/A       100%        3
 Vampiric Draining        Necr           0%         2d6       100%        3
 Airstrike                Air            0%         2d(0-16)  100%        4
 Anguish                  Hex/Necr       0%         N/A       100%        4
 Animate Armour           Summ/Erth      0%         N/A       100%        4
 Brom's Barrelling Bould  Conj/Erth      0%         2d3       100%        4
 Cause Fear               Hex            0%         N/A       100%        4
 Dispel Undead            Necr           0%         3d6       100%        4
 Flame Wave               Conj/Fire      0%         2d4       100%        4
 Iskenderun's Mystic Bla  Conj/Tloc      0%         2d3       100%        4
 Leda's Liquefaction      Hex/Erth       0%         N/A       100%        4
 Manifold Assault         Tloc           0%         N/A       100%        4
 Olgreb's Toxic Radiance  Pois           0%         N/A       100%        4
 Passage of Golubria      Tloc           0%         N/A       100%        4
 Summon Ice Beast         Ice/Summ       0%         N/A       100%        4
 Summon Lightning Spire   Summ/Air       0%         N/A       100%        4
 Vhi's Electric Charge    Tloc/Air       0%         N/A       100%        4
 Arcjolt                  Conj/Air       0%         1d10      100%        5
 Borgnjor's Vile Clutch   Necr/Erth      0%         N/A       100%        5
 Fireball                 Conj/Fire      0%         3d3       100%        5
 Irradiate                Conj/Tmut      0%         3d11      100%        5
 Iskenderun's Battlesphe  Conj           0%         2d6       100%        5
 Lee's Rapid Deconstruct  Erth           0%         3d4*      100%        5
 Metabolic Englaciation   Hex/Ice        0%         N/A       100%        5
 Silence                  Hex/Air        0%         N/A       100%        5
 Summon Forest            Summ/Tloc      0%         N/A       100%        5
 Summon Mana Viper        Hex/Summ       0%         N/A       100%        5
 Bombard                  Conj/Erth      0%         9d1       100%        6
 Conjure Ball Lightning   Conj/Air       0%         3x3d6     100%        6
 Death Channel            Necr           0%         N/A       100%        6
 Dispersal                Tloc           0%         N/A       100%        6
 Eringya's Noxious Bog    Tmut/Pois      0%         4d6       100%        6
 Plasma Beam              Fire/Air       0%         2x1d10    100%        6
 Summon Cactus Giant      Summ           0%         N/A       100%        6
 Enfeeble                 Hex            0%         N/A       100%        7
 Haunt                    Necr/Summ      0%         N/A       100%        7
 Monstrous Menagerie      Summ           0%         N/A       100%        7
 Orb of Destruction       Conj           0%         9d5       100%        7
 Ozocubu's Refrigeration  Ice            0%         4d7       100%        7
 Spellforged Servitor     Conj/Summ      0%         N/A       100%        7
 Summon Hydra             Summ           0%         N/A       100%        7
 Borgnjor's Revivificati  Necr           0%         N/A       100%        8
 Discord                  Hex            0%         N/A       100%        8
 Disjunction              Tloc           0%         N/A       100%        8
 Infestation              Necr           0%         N/A       100%        8
 Lehudib's Crystal Spear  Conj/Erth      0%         10d2      100%        8
 Death's Door             Necr           0%         N/A       100%        9
 Fire Storm               Conj/Fire      0%         5d1       100%        9
 Animate Dead             Necr           Unusable   N/A       N/A         4
 Simulacrum               Ice/Necr       Unusable   N/A       N/A         6

Dungeon Overview and Level Annotations

Branches:
Dungeon (15/15)            Temple (1/1) D:7            Lair (5/5) D:10
  Swamp (4/4) Lair:3        Snake (4/4) Lair:3        Slime (0/5) Lair:4
    Orc (2/2) D:9             Elf (3/3) Orc:2        Vaults (5/5) D:14
  Crypt (0/3) Vaults:2     Depths (4/4) D:15            Zot (5/5) Depths:4
  Sewer (visited)         Gauntlet (visited)

Altars:
Ashenzari
Cheibriados
Dithmenos
Elyvilon
Fedhas
Gozag
Hepliaklqana
Kikubaaqudgha
Makhleb
Nemelex Xobeh
Okawaru
Qazlal
Ru
Sif Muna
Trog
Uskayaw
Vehumet
Wu Jian
Xom
Yredelemnul
Zin
The Shining One

Shops:
D:5 *   D:6 [   D:7 =[[   D:8 *   D:9 :(=!   D:13 [(   Orc:1 **?   Orc:2 [*=(?=
Elf:3 (   Snake:1 (   Snake:2 :   Snake:3 =:=   Vaults:1 =   Vaults:2 [
Vaults:4 *   Depths:2 [

Portals:
Hell: Depths:1 Depths:2 Depths:4
Pandemonium: Depths:1 Depths:2 Depths:4

Annotations:
D:3 3 runed translucent doors, Ozzieoiler's ghost, amateur DjFE
D:6 2 transporters, Boogie's ghost, novice MiHu
Snake:4 5 runed translucent doors
Elf:2 3 runed translucent doors
Vaults:1 1 runed translucent door, Busi's ghost, adept CeHu; Mara


Innate Abilities, Weirdness & Mutations

((You are very nimble when in or above water. (Stealth+, EV+, Speed+++)))
Your lower body shifts to a powerful aquatic tail in water.
You have supernaturally acute eyesight. (SInv)
A frigid envelope surrounds you and freezes all who hurt you.
You passively map a small area around you.
Your muscles are strong. (Str +4, Int/Dex -1)


Message History

You reach to attack!
You spit the frilled lizard like a pig!!!
You kill the frilled lizard!
No target in view!
No target in view!
What level of the Dungeon? (default 1, ? - help)
You now have 1562 gold pieces (gained 3).
There is a stone staircase leading up here.
You climb upwards.
There is a stone staircase leading down here.
There is a stone staircase leading up here.
You climb upwards.
There is a stone staircase leading down here.
As you read the scroll of teleportation, it crumbles to dust.
You feel strangely unstable.
You feel the Orb delaying your translocation!
You start waiting.
Your surroundings seem slightly different.
As you read the scroll of teleportation, it crumbles to dust.
You feel strangely unstable.
You feel the Orb delaying your translocation!
You start waiting.
An orange demon comes into view.
You reach to attack!
You perforate the orange demon like a sieve!!!
You kill the orange demon!
No target in view!
No target in view!
No target in view!
You start waiting.
Your surroundings suddenly seem different.
Your legs become a tail as you dive into the water.
The +0 pair of boots "Plog" {+Inv rC+ Int+4} melds into your body.
Floosh!
Blink to where?
Press: ? - help, Q - select action, (/) - cycle Dir - move target The +0 pair of boots "Plog" {+Inv rC+ Int+4} unmelds from your body.
As you read the scroll of blinking, it crumbles to dust.
There is a staircase leading out of the dungeon here.
You have escaped!

######.#####......##.##..####
#.......###############
#.#.##.##...P.#..##
#.#.##.##~~P.~....#####
#.#.....#~≈..P~~......###
#.#.##.##~.....~.P~.....##
#.......#PP~~~...§.~.....#
###.##..#.......~.~......#
#.#####@.P.P.....P......
#.#####.~P.~....~.~.....
#.....#.P.......~.P..PP~
#######P.~...~~~P...≈~..
#~...~..~....~....
#...~.~PP......##.
#.P##~~~.~~##~.##.
###~.~~~~.#≈~≈###.
##..#~.###### #.


There were no monsters in sight!

Vanquished Creatures
  An orb of fire (Zot:3)
  3 ancient liches
  2 juggernauts (Depths:3)
  Josephina (Depths:2)
  Boris (twice) (Vaults:5 Depths:3)
  Bai Suzhen (Vaults:2)
  2 Killer Klowns
  Vashnia (Snake:4)
  3 caustic shrikes (Depths:2)
  A curse toe (Zot:3)
  Nikola (Swamp:1)
  16 golden dragons
  Norris (Elf:2)
  Jory (Vaults:5)
  2 bone dragons
  An electric golem (Zot:3)
  11 tentacled monstrosities
  A walking crystal tome (Depths:4)
  Jorgrun (Swamp:1)
  An Ice Fiend (D:6)
  9 liches
  4 Orb Guardians
  5 titans
  3 walking earthen tomes (Depths:2)
  A walking divine tome (Depths:2)
  A sphinx (Vaults:5)
  4 quicksilver dragons
  A deep elf blademaster (Elf:3)
  4 death cobs
  Frances (Snake:1)
  5 tengu reavers
  Donald (Swamp:4)
  5 draconian monks
  5 shadow dragons
  4 nagarajas (Snake:4)
  7 draconian knights
  5 storm dragons
  4 fire giants
  7 deep elf sorcerers
  6 draconian scorchers
  3 frost giants
  The ghost of rotlqkf the Ruinous, an adept DECj of Sif Muna (Elf:2)
  6 iron dragons
  3 deep elf elementalists (Elf:3)
  19 ironbound preservers
  15 vault wardens
  2 war gargoyles (Vaults:5)
  2 spriggan defenders (Depths:2)
  3 draconian annihilators (Zot:3)
  39 very ugly things
  4 draconian stormcallers
  A cacodemon (Zot:1)
  12 stone giants
  6 ironbound thunderhulks
  4 formless jellyfish
  11 green draconians
  11 black draconians
  2 lorocyprocas
  9 deep elf annihilators
  9 dire elephants
  A vampire knight (Depths:3)
  Azrael (D:13)
  7 deep elf demonologists
  4 eleionomae
  A minotaur (Gauntlet)
  9 purple draconians
  7 red draconians
  6 bunyips
  11 white draconians
  10 yellow draconians
  8 spark wasps
  5 deep elf death magi (Elf:3)
  A blizzard demon (Gauntlet)
  5 ettins
  2 green deaths (Swamp:4)
  6 deep elf high priests
  4 jiangshi
  9 fire dragons
  2 shambling mangroves
  3 entropy weavers
  Erolcha (Orc:2)
  3 great orbs of eyes
  A spriggan zombie (Depths:1)
  5 rakshasas
  11 hydras
  A hell beast (Depths:4)
  3 salamander tyrants
  9 yaktaur captains
  5 ice dragons
  A juggernaut simulacrum (Depths:2)
  A ghost crab (Swamp:4)
  A peacekeeper (Vaults:1)
  11 ironbound frosthearts
  A caustic shrike simulacrum (Depths:2)
  21 vault guards
  6 spriggan air magi
  8 alligators
  4 ogre magi
  3 anacondas
  18 centaur warriors
  12 dancing weapons
  6 deep troll earth magi
  8 deep troll shamans
  6 death yaks (Lair:5)
  A merfolk avatar (Lair:5)
  A satyr (shapeshifter) (Zig:1)
  14 two-headed ogres
  6 boulder beetles
  4 hell hogs (D:7)
  13 naga warriors
  An orc high priest (Orc:1)
  8 tengu warriors
  A hell knight (Vaults:5)
  2 vampire magi
  2 shock serpents
  3 spriggan berserkers
  15 naga sharpshooters
  A soul eater (Depths:4)
  13 deep elf knights
  5 skeletal warriors
  A sixfirhy (Zot:1)
  9 skysharks
  4 salamander mystics
  3 goliath frogs
  A large abomination (Swamp:4)
  7 iron trolls
  Lodul (D:12)
  10 swamp dragons
  4 flayed ghosts
  5 spriggan druids
  A glowing orange brain (Depths:2)
  63 deep trolls
  6 lindwurms
  8 arcanists
  4 naga ritualists
  17 ironbound convokers
  10 bog bodies
  A wolf spider zombie (D:15)
  A shadow demon (Depths:4)
  An obsidian statue (Zig:2)
  7 deep elf archers
  3 orange crystal statues (Zig:2)
  4 phantasmal warriors
  5 necromancers
  2 orc knights
  Pikel (D:6)
  6 cyclopes
  20 deep elf pyromancers
  5 harpies
  48 ugly things
  12 deep elf zephyrmancers
  An orc sorcerer (D:15)
  4 mana vipers
  26 salamanders
  4 manticores
  A shining eye (shapeshifter) (Depths:4)
  16 moths of wrath
  3 will-o-the-wisps
  18 naga magi
  2 rust devils
  A frost giant skeleton (Depths:1)
  8 guardian serpents
  36 black mambas
  2 kobold blastminers (Orc:2)
  13 elephants
  An apocalypse crab (Zig:1)
  19 vault sentinels
  13 cane toads
  A torpor snail (shapeshifter) (Vaults:4)
  A black mamba (shapeshifter) (D:15)
  A torpor snail (Lair:5)
  6 orange demons
  A smoke demon (Depths:2)
  2 gargoyles
  A kobold demonologist (D:11)
  2 centaur skeletons (D:15)
  23 yaktaurs
  7 komodo dragons
  An efreet (D:15)
  2 rime drakes (Lair:5)
  A tormentor (Depths:2)
  2 red devils
  A merfolk (shapeshifter) (Depths:2)
  An ice devil (Zot:1)
  A spriggan skeleton (Depths:1)
  A silent spectre (Orc:1)
  21 trolls
  5 tengu conjurers
  13 tyrant leeches
  A queen bee (shapeshifter) (Elf:2)
  A troll (shapeshifter) (Vaults:4)
  A wind drake (Lair:5)
  2 polar bears (Lair:5)
  A bloated husk (Swamp:1)
  2 glass eyes (Depths:2)
  15 hornets
  A tarantella (Vaults:4)
  A snapping turtle (shapeshifter) (Vaults:5)
  A snapping turtle (Lair:5)
  11 blink frogs
  A fire giant simulacrum (Depths:2)
  2 centaur simulacra
  35 slime creatures
  An air elemental (Elf:2)
  A slime creature (shapeshifter) (Vaults:5)
  2 shadows (D:12)
  4 water elementals
  6 wyverns
  2 ynoxinuls
  14 spriggans
  2 vampires
  A wraith (D:11)
  40 yaks
  9 basilisks
  5 fire elementals
  Grum (Lair:1)
  A hog (shapeshifter) (D:12)
  A human (D:10)
  4 redbacks
  6 vampire mosquitoes
  2 steam dragons
  4 wargs
  Menkaure (D:4)
  9 swamp worms
  An acid dragon (D:10)
  27 nagas
  3 hell hounds (D:13)
  13 water moccasins
  20 orc warriors
  3 swamp drakes
  2 sky beasts
  4 black bears
  An ettin simulacrum (Depths:2)
  4 ice beasts
  An ogre (shapeshifter) (Elf:1)
  28 ogres
  17 centaurs
  2 lemures
  8 wolves
  A phantom (D:6)
  4 kobold brigands
  7 bullfrogs
  2 earth elementals (Elf:3)
  4 scorpions
  14 killer bees
  3 howler monkeys
  5 hounds
  8 orc priests
  A jelly (D:5)
  4 iron imps (Gauntlet)
  A gnoll bouda (D:7)
  18 orc wizards
  2 iguanas
  A boggart skeleton (D:15)
  6 polar bear simulacra (Lair:2)
  2 yak simulacra (Lair:2)
  A wolf simulacrum (Lair:2)
  A mummy (D:3)
  Robin (D:2)
  12 gnolls
  7 adders
  9 river rats
  3 white imps
  5 worms
  62 orcs
  11 ball pythons
  A bat (D:2)
  13 endoplasms
  2 giant cockroaches
  15 goblins
  7 hobgoblins
  3 jackals (D:1)
  4 quokkas
  5 frilled lizards
  14 kobolds
  3 rats
  2 river rat simulacra (Lair:2)
1756 creatures vanquished.

Vanquished Creatures (collateral kills)
  A dread lich (Vaults:5)
  2 ancient liches
  Margery (Vaults:5)
  2 Killer Klowns (Zot:5)
  A golden dragon (Zot:5)
  2 electric golems (Zot:5)
  A tentacled monstrosity (Zot:5)
  A hellephant (Zot:5)
  10 Orb Guardians (Zot:5)
  A lich (Zot:3)
  A titan (Vaults:5)
  A quicksilver dragon (Zot:5)
  A sphinx (Vaults:5)
  A death cob (Zot:5)
  2 tengu reavers
  A draconian monk (Zot:5)
  3 storm dragons
  3 frost giants (Vaults:5)
  A deep elf sorcerer (Elf:3)
  A draconian scorcher (Zot:5)
  4 vault wardens (Vaults:5)
  An ironbound preserver (Vaults:5)
  2 draconian annihilators (Zot:5)
  3 stone giants (Vaults:5)
  2 very ugly things (Vaults:5)
  A war gargoyle (Vaults:5)
  2 green draconians (Zot:5)
  A purple draconian (Zot:5)
  A white draconian (Zot:5)
  2 yellow draconians (Zot:5)
  An ettin (Vaults:5)
  6 vault guards
  2 ogre magi (Vaults:5)
  3 two-headed ogres (Vaults:5)
  A skeletal warrior (D:13)
  A fire crab (shapeshifter) (Vaults:5)
  An ironbound convoker (Vaults:5)
  An ugly thing (Vaults:5)
  2 phantasmal warriors (Vaults:5)
  2 moths of wrath (Zot:5)
  A water nymph (shapeshifter) (Vaults:5)
  A vault sentinel (Vaults:5)
  An orange demon (Zot:3)
  An unseen horror (shapeshifter) (Vaults:5)
  A neqoxec (Zot:5)
  A redback (Vaults:4)
  A naga (shapeshifter) (Vaults:5)
  A scorpion (D:5)
84 creatures vanquished.

Vanquished Creatures (others)
  An ancient lich (Vaults:5)
  3 Killer Klowns (Zot:5)
  A golden dragon (Vaults:5)
  2 tentacled monstrosities (Zot:5)
  3 titans (Vaults:5)
  12 Orb Guardians (Zot:5)
  A lich (Vaults:5)
  A shadow dragon (Vaults:5)
  A tengu reaver (Vaults:5)
  A draconian knight (Depths:4)
  A fire giant (Vaults:5)
  A frost giant (Vaults:5)
  A draconian annihilator (Zot:5)
  A stone giant (Vaults:5)
  2 ironbound preservers (Vaults:5)
  A red draconian (Zot:5)
  2 yellow draconians (Zot:5)
  A deep elf annihilator (Vaults:5)
  A purple draconian (Zot:5)
  2 ettins (Vaults:5)
  A yaktaur captain (Vaults:5)
  A deep elf high priest (Vaults:5)
  5 vault guards
  A deep troll earth mage (Vaults:5)
  4 hell knights (Vaults:5)
  A deep troll (Vaults:5)
  An obsidian statue (Zot:5)
  A phantasmal warrior (Vaults:5)
  A moth of wrath (Zot:5)
  2 vault sentinels (Vaults:5)
  A bloated husk (Swamp:1)
  A culicivora (Vaults:5)
  2 vampire mosquitoes (Swamp:1)
  2 orc wizards (Orc:2)
  7 foxfires
70 creatures vanquished.

Grand Total: 1910 creatures vanquished

Notes
Turn   | Place    | Note
-------+----------+-------------------------------------------
     0 | D:1      | Kearsarge the Merfolk Fighter began the quest for the Orb.
     0 | D:1      | Reached XP level 1. HP: 18/18 MP: 1/1
   130 | D:1      | You fall into a shaft and drop 1 floor!
   152 | D:2      | Reached XP level 2. HP: 22/24 MP: 2/2
   364 | D:2      | Reached XP level 3. HP: 12/30 MP: 3/3
   480 | D:2      | Noticed Robin
   498 | D:2      | Killed Robin
   509 | D:2      | Reached XP level 4. HP: 35/37 MP: 4/4
   582 | D:1      | Reached skill level 5 in Polearms
  1202 | D:2      | Found a faded altar of an unknown god.
  1368 | D:3      | Found a glowing golden altar of the Shining One.
  1420 | D:3      | Found a runed translucent gate.
  1425 | D:3      | Noticed Ozzieoiler's ghost (amateur DjFE)
  1426 | D:3      | Found a runed translucent gate.
  1426 | D:3      | Found a runed translucent gate.
  1595 | D:3      | Reached XP level 5. HP: 39/43 MP: 5/5
  1885 | D:3      | Found a snail-covered altar of Cheibriados.
  2111 | D:3      | Identified the +2 robe of the Centaur {rElec}
  2212 | D:4      | Noticed Menkaure
  2226 | D:4      | Killed Menkaure
  2227 | D:4      | Reached skill level 5 in Fighting
  2227 | D:4      | Reached XP level 6. HP: 41/51 MP: 6/6
  2581 | D:4      | Found a glowing drain.
  2596 | Sewer    | Entered a sewer
  2920 | Sewer    | Reached XP level 7. HP: 56/56 MP: 7/7
  3644 | D:5      | Entered Level 5 of the Dungeon
  3757 | D:5      | Found Remoa's Lightly-Used Armoury.
  3857 | D:5      | Bought a -3 demon trident for 1 gold piece
  4013 | D:5      | Reached XP level 8. HP: 36/65 MP: 8/8
  4195 | D:5      | Reached skill level 10 in Polearms
  4494 | D:6      | Noticed a kobold demonologist
  4496 | D:6      | Noticed Boogie's ghost (novice MiHu)
  4496 | D:6      | Noticed a boulder beetle
  4498 | D:6      | Found a transporter.
  5037 | D:6      | Found a hide-covered altar of Uskayaw.
  5215 | D:6      | Noticed Pikel
  5228 | D:6      | Reached XP level 9. HP: 37/74 MP: 9/9
  5248 | D:6      | Found Jypsulu's Armour Shop.
  5494 | D:6      | Found a transporter.
  5524 | D:6      | Killed Pikel
  5628 | D:6      | Bought a +1 helmet for 126 gold pieces
  5628 | D:6      | Bought a +1 chain mail of poison resistance for 148 gold
                  | pieces
  6153 | D:7      | Found a staircase to the Ecumenical Temple.
  6182 | Temple   | Entered the Ecumenical Temple
  6277 | D:7      | Identified the +8 morningstar of Indignation {freeze, rC+
                  | Will- Str+3 Int+4}
  6575 | D:7      | Found Rehet's Jewellery Shoppe.
  6575 | D:7      | Found Vepnyg Wuxt's Jewellery Emporium.
  6591 | D:7      | Found Kenoz's Armour Emporium.
  6591 | D:7      | Found Qupynuno's Armour Shoppe.
  7256 | D:8      | Reached XP level 10. HP: 75/83 MP: 10/10
  7306 | D:8      | Found Puuwioce's General Store.
  7344 | D:8      | Reached skill level 15 in Polearms
  7371 | D:8      | Noticed a manticore
  7387 | D:8      | Killed a manticore
  7388 | D:8      | Reached skill level 10 in Fighting
  7917 | Temple   | Became a worshipper of Gozag Ym Sagoz the Greedy
  8359 | D:9      | Found a sacrificial altar of Ru.
  8399 | D:9      | Found Deolocsiu's Tremendous Tomes.
  8448 | D:9      | Found Fovighootz's Weapon Emporium.
  8450 | D:9      | Found Hoaw's Jewellery Shop.
  8451 | D:9      | Found Yrrur's Distillery.
  8495 | D:9      | Bought a potion of lignification for 42 gold pieces
  8495 | D:9      | Bought 2 potions of heal wounds for 140 gold pieces
  8627 | D:9      | Reached XP level 11. HP: 89/92 MP: 11/11
  8908 | D:9      | Found a staircase to the Orcish Mines.
  9731 | D:10     | Entered Level 10 of the Dungeon
  9775 | D:9      | Bought a potion of invisibility for 112 gold pieces
  9775 | D:9      | Bought a potion of invisibility for 112 gold pieces
  9775 | D:9      | Bought a potion of heal wounds for 70 gold pieces
  9775 | D:9      | Bought a potion of curing for 42 gold pieces
  9817 | D:10     | Found a runed translucent door.
  9825 | D:10     | Found a basalt altar of Yredelemnul.
 10085 | D:10     | Found a staircase to the Lair.
 10279 | D:10     | Found a radiant altar of Vehumet.
 10281 | D:10     | Found a bloodstained altar of Trog.
 10308 | D:10     | Found a white marble altar of Elyvilon.
 10583 | D:10     | Found a shimmering altar of Xom.
 11167 | D:11     | Noticed a boulder beetle
 11197 | D:11     | Killed a boulder beetle
 11461 | D:11     | Noticed a two-headed ogre
 11475 | D:11     | Killed a two-headed ogre
 11809 | D:11     | Noticed a six-headed hydra
 11820 | D:11     | Killed a six-headed hydra
 12113 | D:11     | Reached XP level 12. HP: 103/103 MP: 12/12
 12266 | Orc:1    | Entered Level 1 of the Orcish Mines
 12328 | Orc:1    | Noticed an orc high priest
 12347 | Orc:2    | Entered Level 2 of the Orcish Mines
 12359 | Orc:2    | Noticed Erolcha
 12364 | Orc:2    | Noticed a two-headed ogre
 12396 | Orc:1    | Killed an orc high priest
 12853 | Orc:2    | Noticed an ogre mage
 12853 | Orc:2    | Found Uraa's Armour Emporium.
 12855 | Orc:2    | Noticed a two-headed ogre
 13080 | Orc:2    | Noticed a two-headed ogre
 13081 | Orc:2    | Noticed a two-headed ogre
 13081 | Orc:2    | Noticed a two-headed ogre
 13082 | Orc:2    | Noticed an ogre mage
 13083 | Orc:2    | Noticed a two-headed ogre
 13102 | Orc:2    | Killed Erolcha
 13103 | Orc:2    | Killed a two-headed ogre
 13127 | Orc:2    | Killed a two-headed ogre
 13141 | Orc:2    | Found a staircase to the Elven Halls.
 13233 | Orc:2    | Noticed a two-headed ogre
 13248 | Orc:2    | Found a shimmering blue altar of Sif Muna.
 13271 | Orc:2    | Killed an ogre mage
 13281 | Orc:2    | HP: 4/105 [two-headed ogre/+0 giant club (14)]
 13284 | Orc:2    | Killed a two-headed ogre
 13647 | Orc:2    | Noticed an ettin
 13663 | Orc:2    | Killed an ettin
 13759 | Orc:2    | Reached XP level 13. HP: 95/112 MP: 13/13
 14205 | Orc:2    | Found Soek's Antique Weapon Shoppe.
 14440 | Orc:2    | Found Qoungauv's Assorted Antiques.
 14812 | Orc:2    | Found Mygad's Magic Scroll Shoppe.
 14900 | Orc:2    | Bought a scroll of teleportation for 39 gold pieces
 14905 | Orc:2    | Bought a slimy glaive for 379 gold pieces
 14905 | Orc:2    | Identified the +7 glaive "Socusa" {vamp, rF+} (You bought
                  | it in a shop on level 2 of the Orcish Mines)
 14919 | Orc:2    | Bought a scroll labelled ULEFOKL FUUDEGGEH for 26 gold
                  | pieces
 14919 | Orc:2    | Bought a scroll of fear for 104 gold pieces
 14925 | Orc:2    | Bought a +0 helmet of see invisible for 195 gold pieces
 15209 | Orc:1    | Found Kyulahusch's Specific Store.
 15212 | Orc:1    | Found Cavem's General Store.
 15215 | Orc:1    | Bought a potion of heal wounds for 65 gold pieces
 15215 | Orc:1    | Bought a scroll of fog for 52 gold pieces
 15215 | Orc:1    | Bought a scroll of fear for 52 gold pieces
 15215 | Orc:1    | Bought a scroll of identify for 26 gold pieces
 15481 | Orc:1    | Found a transporter.
 15488 | Orc:1    | Found a transporter.
 15504 | Orc:1    | Found a runed translucent door.
 15504 | Orc:1    | Found a bloodstained altar of Trog.
 15504 | Orc:1    | Found the +8 Wrath of Trog {antimagic, *Rage Rampage}
 15506 | Orc:1    | Noticed a deep elf sorcerer
 15507 | Orc:1    | Noticed a deep elf elementalist
 15517 | Orc:1    | Noticed a stone giant
 15537 | Orc:1    | Killed a stone giant
 15758 | Orc:1    | Identified the +4 battleaxe of the Unkillable {heavy, Str+3
                  | Dex+5}
 15770 | Orc:1    | HP: 6/171 [troll (12)]
 16050 | Orc:1    | Noticed a deep elf demonologist
 16050 | Orc:1    | Noticed a deep elf elementalist
 16052 | Orc:1    | Identified the +0 chain mail of the Postmodern Scars
                  | {rElec}
 16071 | Orc:1    | Bought a scroll of enchant weapon for 105 gold pieces
 16161 | Lair:1   | Entered Level 1 of the Lair of Beasts
 16161 | Lair:1   | Noticed Grum
 16185 | D:10     | Reached skill level 15 in Fighting
 16250 | Lair:1   | Killed Grum
 17830 | Lair:2   | Reached XP level 14. HP: 124/124 MP: 14/14
 18400 | Lair:3   | Reached skill level 1 in Dodging
 18465 | Lair:3   | Found a staircase to the Swamp.
 18465 | Lair:3   | Noticed an eleionoma
 18475 | Lair:3   | Killed an eleionoma
 18806 | Lair:3   | Found a staircase to the Snake Pit.
 19545 | Orc:2    | Bought +0 gold dragon scales for 1360 gold pieces
 19761 | Lair:4   | Reached skill level 5 in Dodging
 19867 | Lair:4   | Identified the +7 short sword of Contradiction {flame,
                  | rPois rF- Int+4 SInv}
 20266 | Lair:4   | Found a staircase to the Slime Pits.
 20437 | Lair:4   | Identified a scroll of acquirement
 20438 | Lair:4   | Acquired 1147 gold pieces
 20478 | Lair:5   | Entered Level 5 of the Lair of Beasts
 20823 | Lair:5   | Identified the +4 trident of Defilement {flame, rCorr}
 20830 | Lair:5   | Identified the +3 lajatang "Beetlebane" {protect, rElec}
 20854 | Lair:5   | Identified the +0 leather armour "Orchal" {Will+}
 21694 | Lair:5   | Reached skill level 10 in Dodging
 21694 | Lair:5   | Reached XP level 15. HP: 80/139 MP: 15/15
 23059 | D:12     | Noticed Lodul
 23076 | D:12     | Killed Lodul
 23879 | D:13     | Found a gate leading to a gauntlet.
 23887 | Gauntlet | Entered a Gauntlet
 23887 | Gauntlet | Found a transporter.
 23887 | Gauntlet | Found a transporter.
 23898 | Gauntlet | Found a transporter.
 23902 | Gauntlet | Found a transporter.
 23911 | Gauntlet | Found a transporter.
 23914 | Gauntlet | Found a transporter.
 23922 | Gauntlet | Found a transporter.
 23945 | Gauntlet | Found a transporter.
 23963 | Gauntlet | Found a transporter.
 23967 | Gauntlet | Found a transporter.
 23975 | Gauntlet | Found a transporter.
 23980 | Gauntlet | Found a transporter.
 24279 | Gauntlet | Acquired 450 gold pieces
 24515 | D:13     | Found Moomis's Antique Weapon Shop.
 25292 | D:13     | Noticed Azrael
 25300 | D:13     | Killed Azrael
 25552 | D:13     | Bought a translucent cloak for 190 gold pieces
 25552 | D:13     | Identified the +0 cloak of the Ecumenical Temple {rElec rC-
                  | rN++ Dex+3} (You bought it in a shop on level 13 of the
                  | Dungeon)
 25552 | D:13     | Bought the +0 mask of the Dragon {Will+ Slay+3 SInv} for
                  | 668 gold pieces
 25552 | D:13     | Found the +0 mask of the Dragon {Will+ Slay+3 SInv}
 26180 | D:15     | Entered Level 15 of the Dungeon
 27389 | D:15     | Found a staircase to the Depths.
 27455 | D:15     | Found a hazy altar of Hepliaklqana.
 27756 | D:14     | Reached XP level 16. HP: 135/152 MP: 16/16
 28054 | D:14     | Found a gate to the Vaults.
 28321 | D:14     | Identified the +1 scale mail of Objectivity {Int+4 Stlth+}
 28958 | Elf:1    | Entered Level 1 of the Elven Halls
 29006 | Elf:1    | Reached skill level 15 in Dodging
 30298 | Elf:2    | Noticed Norris
 30332 | Elf:2    | Killed Norris
 30619 | Elf:2    | Noticed rotlqkf's ghost (adept DECj)
 30627 | Elf:2    | Found a runed translucent gate.
 30627 | Elf:2    | Found a runed translucent gate.
 30627 | Elf:2    | Found a runed translucent gate.
 30681 | Elf:2    | Identified the +0 long sword of Embarrassment {flame, Str+6
                  | Dex+5}
 30928 | Elf:2    | Found a runed translucent gate.
 30928 | Elf:2    | Found a runed translucent gate.
 30928 | Elf:2    | Found a runed translucent gate.
 31352 | Elf:2    | Killed rotlqkf's ghost
 31391 | Elf:2    | Identified the ring "Lyfic" {rCorr Str+2 Dex+3}
 31574 | Elf:3    | Entered Level 3 of the Elven Halls
 31749 | Elf:3    | Found the +5 demon whip "Spellbinder" {antimagic, disrupt,
                  | Will+}
 31793 | Elf:3    | Reached XP level 17. HP: 115/162 MP: 17/17
 32192 | Elf:3    | Found Plog's Weapon Emporium.
 32847 | Elf:3    | Identified the +2 great sword of Immorality {vamp, rN+
                  | Str+3}
 33251 | Elf:3    | Noticed a deep elf blademaster
 33279 | Elf:3    | Killed a deep elf blademaster
 33666 | Elf:3    | Noticed a Hell Sentinel
 33879 | Elf:3    | Identified the ring of Lontaxt {rPois rC+}
 34413 | Elf:3    | Got the Grimoire of the Fjord and Unhallowed Rites
 34420 | Elf:3    | Identified the +0 pair of boots "Plog" {+Inv rC+ Int+4}
 34444 | Elf:3    | Got the Omnibus of Transfiguration and the Salamander
 34748 | Snake:1  | Entered Level 1 of the Snake Pit
 35081 | Snake:1  | Noticed Frances
 35089 | Snake:1  | Killed Frances
 35112 | Snake:1  | Found Annaeru's Weapon Emporium.
 36023 | Snake:2  | Reached skill level 1 in Shapeshifting
 36191 | Snake:2  | Found Recvoorr's Book Shop.
 36209 | Snake:2  | Reached XP level 18. HP: 172/175 MP: 18/18
 36354 | Snake:2  | Reached skill level 5 in Shapeshifting
 37309 | Snake:3  | Found Vinkek's Jewellery Shoppe.
 37312 | Snake:3  | Found Yffiumn's Book Shop.
 37313 | Snake:3  | Found Nuvacze's Jewellery Shoppe.
 38143 | Snake:4  | Entered Level 4 of the Snake Pit
 38385 | Snake:4  | Reached skill level 10 in Shapeshifting
 38716 | Snake:4  | Found a huge runed translucent gate.
 38716 | Snake:4  | Found a huge runed translucent gate.
 38717 | Snake:4  | Found a huge runed translucent gate.
 39526 | Snake:4  | Found a huge runed translucent gate.
 39526 | Snake:4  | Found a huge runed translucent gate.
 39917 | Snake:4  | Noticed Vashnia
 39932 | Snake:4  | Killed Vashnia
 40753 | Snake:4  | Got a serpentine rune of Zot
 40937 | Swamp:1  | Entered Level 1 of the Swamp
 40995 | Swamp:1  | Reached XP level 19. HP: 150/182 MP: 19/19
 41134 | Swamp:1  | Noticed Nikola
 41153 | Swamp:1  | Killed Nikola
 41154 | Swamp:1  | Reached skill level 15 in Shapeshifting
 42196 | Swamp:2  | Noticed Jorgrun
 42208 | Swamp:1  | Killed Jorgrun
 44478 | Swamp:4  | Entered Level 4 of the Swamp
 44790 | Swamp:4  | Noticed a tentacled monstrosity
 44801 | Swamp:4  | Identified the +5 kite shield "Juinepocsi" {Drain rF- rN+++
                  | Dex+4}
 44801 | Swamp:4  | Noticed Donald
 44818 | Swamp:4  | Killed a tentacled monstrosity
 44822 | Swamp:4  | Killed Donald
 45252 | Swamp:4  | Got a decaying rune of Zot
 45525 | Vaults:1 | Entered Level 1 of the Vaults
 45826 | Vaults:1 | Reached XP level 20. HP: 190/190 MP: 20/20
 46018 | Vaults:1 | Found a runed translucent door.
 46018 | Vaults:1 | Noticed Busi's ghost (adept CeHu)
 46024 | Vaults:1 | You fall into a shaft and drop 1 floor!
 46355 | Vaults:1 | Reached skill level 1 in Unarmed Combat
 46735 | Vaults:1 | Paralysed by a formless jellyfish for 1 turns
 47273 | Vaults:1 | Reached skill level 5 in Unarmed Combat
 47856 | Vaults:2 | Noticed a bone dragon
 47868 | Vaults:2 | Killed a bone dragon
 47969 | Vaults:2 | Found a staircase to the Crypt.
 48081 | Vaults:2 | Noticed Bai Suzhen
 48093 | Vaults:2 | Killed Bai Suzhen
 48820 | Vaults:2 | Found Dast's Antique Armour Shoppe.
 49775 | Vaults:3 | Reached XP level 21. HP: 86/197 MP: 21/21
 50689 | Vaults:3 | Reached skill level 10 in Unarmed Combat
 50839 | Vaults:3 | Identified the +0 hat of Intercession {rElec}
 50850 | Vaults:3 | Found a radiant altar of Vehumet.
 50850 | Vaults:3 | Found the -2 hat of the Alchemist {rElec rPois rF+ rC+ rN+
                  | Will+ rMut rCorr}
 50979 | Vaults:3 | Identified the +2 hat of Terror {Int+3 Slay+2}
 51220 | Vaults:3 | Identified the +3 dagger of Proximity {flame, +Blink}
 53217 | D:13     | Bought a shiny tower shield for 150 gold pieces
 53228 | D:13     | Bought runed pearl dragon scales for 2042 gold pieces
 53476 | Vaults:4 | Found Unieps's General Store.
 53484 | Vaults:4 | Bought a potion of cancellation for 176 gold pieces
 53484 | Vaults:4 | Bought a scroll of fear for 88 gold pieces
 53529 | Vaults:4 | Got the Grimoire of Arcane Weapons and the Blink Frog
 53670 | Vaults:4 | Identified the +3 leather armour "Oleocwu" {rElec Regen+}
 54339 | Vaults:5 | Entered Level 5 of the Vaults
 54340 | Vaults:5 | Found the +10 tower shield of Ignorance {rN+ Int-4}
 54341 | Vaults:5 | Noticed a golden dragon
 54980 | Vaults:5 | Reached XP level 22. HP: 100/208 MP: 22/22
 54992 | Vaults:5 | Killed a golden dragon
 54997 | Vaults:5 | Noticed Margery
 54999 | Vaults:5 | Noticed Jory
 55003 | Vaults:5 | Killed Jory
 55015 | Vaults:5 | Your ally Margery died
 55032 | Vaults:5 | Noticed Mara
 55045 | Vaults:5 | Noticed a golden dragon
 55054 | Vaults:5 | Killed a golden dragon
 55402 | Vaults:5 | Identified the +8 falchion of the Weak God {heavy, Drain
                  | rElec rF+ rC+}
 55577 | Vaults:5 | Identified the +1 great mace of Paper {drain, Int+4}
 55721 | Vaults:5 | Noticed a dread lich
 55729 | Vaults:5 | Killed a dread lich
 55787 | Vaults:5 | Identified the +3 plate armour "Naroalag" {Will+}
 55787 | Vaults:5 | Identified the ring of Syty {Wiz rC+ MP+9 Str-3 Stlth+}
 55788 | Vaults:5 | Noticed Boris
 55795 | Vaults:5 | Killed Boris
 55966 | Vaults:5 | Got a silver rune of Zot
 56081 | Vaults:5 | Noticed an ancient lich
 56087 | Vaults:5 | Killed an ancient lich
 56326 | Vaults:5 | Identified the +1 pair of boots "Namoom" {Rampage}
 56576 | Vaults:5 | Found the amulet of Vitality {RegenMP++ Regen++}
 56711 | Vaults:5 | Got the Almanac of Guile and Spooky Action
 56903 | Vaults:5 | Gained mutation: You occasionally lose the ability to read
                  | scrolls when taking damage. [a shining eye]
 56928 | Vaults:5 | Lost mutation: You occasionally lose the ability to read
                  | scrolls when taking damage. [potion of mutation]
 56928 | Vaults:5 | Gained mutation: You passively map a small area around you.
                  | [potion of mutation]
 56928 | Vaults:5 | Gained mutation: Your muscles are strong. (Str +4, Int/Dex
                  | -1) [potion of mutation]
 56928 | Vaults:5 | Gained mutation: A frigid envelope surrounds you and
                  | freezes all who hurt you. [potion of mutation]
 56928 | Vaults:5 | Gained mutation: You have supernaturally acute eyesight.
                  | (SInv) [potion of mutation]
 56976 | Vaults:5 | Noticed a golden dragon
 56978 | Vaults:5 | Killed a golden dragon
 56979 | Vaults:5 | Reached skill level 27 in Polearms
 57063 | Vaults:5 | Noticed an ancient lich
 57067 | Vaults:5 | Killed an ancient lich
 57068 | Vaults:5 | Reached skill level 27 in Fighting
 57071 | Vaults:5 | Killed an ancient lich
 57102 | Vaults:5 | Identified the -1 barding of Heaqedux {Int+3 SInv}
 57553 | Depths:1 | Entered Level 1 of the Depths
 57595 | Depths:1 | Reached XP level 23. HP: 149/219 MP: 23/23
 57654 | Depths:1 | Found a broken altar of Ashenzari.
 57686 | Depths:1 | Found a one-way gate leading to the halls of Pandemonium.
 57763 | Depths:1 | Reached skill level 5 in Shields
 57765 | Depths:1 | Found a gateway to Hell.
 58089 | Depths:1 | Reached skill level 5 in Armour
 58354 | Depths:2 | Noticed a caustic shrike
 58357 | Depths:2 | Killed a caustic shrike
 58363 | Depths:2 | Noticed a caustic shrike
 58367 | Depths:2 | Killed a caustic shrike
 58371 | Depths:2 | Identified the ring of Dajac {Ice Int+2}
 58371 | Depths:2 | Noticed Josephina
 58394 | Depths:2 | Killed Josephina
 58540 | Depths:2 | Identified the +8 dagger of Dismemberment {flame, Will+
                  | Int+4 Dex-3}
 58878 | Depths:2 | Noticed a golden dragon
 58900 | Depths:2 | Killed a golden dragon
 58970 | Depths:2 | Identified the +0 spear "Fuixoiq" {freeze, *Rage rN+++
                  | rCorr Str-2}
 58984 | Depths:2 | Noticed a caustic shrike
 58995 | Depths:2 | Killed a caustic shrike
 59037 | Depths:2 | Found Ysyvu's Antique Armour Boutique.
 59273 | Depths:2 | Identified the +5 orcbow of the Grand God {drain, Dex+3}
 59437 | Depths:2 | Reached skill level 10 in Shields
 59506 | Depths:3 | Noticed a golden dragon
 59515 | Depths:3 | Killed a golden dragon
 59531 | Depths:3 | Noticed a juggernaut
 59539 | Depths:2 | Reached XP level 24. HP: 101/227 MP: 23/23
 59579 | Depths:3 | Killed a juggernaut
 59756 | Depths:3 | Found a one-way gateway to a ziggurat.
 59765 | Zig:1    | Entered Level 1 of a ziggurat
 59786 | Zig:2    | Entered Level 2 of a ziggurat
 59880 | Zig:2    | Identified the +0 chain mail "Tex Nack" {-Tele rN+ Will++}
 59917 | Depths:3 | Noticed Boris
 59927 | Depths:3 | Killed Boris
 59983 | Depths:3 | Identified the +2 bardiche "Cutuseq" {venom, +Blink Int+2
                  | Stlth+}
 59989 | Depths:3 | Identified the staff of the Nine Friends {Contam rN+ Will+
                  | Str+2 Necro}
 60046 | Depths:3 | Noticed a juggernaut
 60096 | Depths:3 | Killed a juggernaut
 60401 | Depths:4 | Entered Level 4 of the Depths
 60747 | Depths:4 | Reached skill level 15 in Shields
 60897 | Depths:4 | Found a gate to the Realm of Zot.
 61105 | Depths:4 | Identified the +6 trident of Calculation {flame, Stlth+}
 61534 | Zot:1    | Entered Level 1 of the Realm of Zot
 61604 | Zot:1    | Reached XP level 25. HP: 230/234 MP: 23/23
 61938 | Zot:2    | Identified the +1 robe of Vermicelli {MP+9 Dex+4}
 62283 | Zot:3    | Noticed an orb of fire
 62293 | Zot:3    | Killed an orb of fire
 62306 | Zot:3    | Noticed a Killer Klown
 62316 | Zot:3    | Killed a Killer Klown
 62713 | Zot:5    | Entered Level 5 of the Realm of Zot
 63173 | Zot:5    | Reached XP level 26. HP: 224/242 MP: 23/23
 63210 | Zot:5    | Noticed an orb of fire
 63211 | Zot:5    | Noticed a Killer Klown
 63212 | Zot:5    | Noticed a Killer Klown
 63213 | Zot:5    | Noticed a Killer Klown
 63213 | Zot:5    | Noticed an orb of fire
 63214 | Zot:5    | Noticed a Killer Klown
 63236 | Zot:5    | Killed a Killer Klown
 63242 | Zot:5    | Killed a Killer Klown
 63260 | Zot:5    | Noticed an orb of fire
 63260 | Zot:5    | Noticed a Killer Klown
 63261 | Zot:5    | Noticed an ancient lich
 63263 | Zot:5    | Noticed a Killer Klown
 63263 | Zot:5    | Noticed a Killer Klown
 63265 | Zot:5    | Killed an ancient lich
 63266 | Zot:5    | Noticed an ancient lich
 63267 | Zot:5    | Killed a Killer Klown
 63267 | Zot:5    | Killed a Killer Klown
 63270 | Zot:5    | Killed an ancient lich
 63294 | Zot:5    | Noticed a Killer Klown
 63299 | Zot:5    | Killed a Killer Klown
 63318 | Zot:5    | Got the Orb of Zot
 63637 | Depths:2 | Noticed Dempos the pandemonium lord
 64105 | D:$      | Escaped with the Orb!

Illustrated notes

Levels and vault maps discovered:
D:1:      lemuel_arrival_muddy, layout_loops_cross, minmay_misc_feat_room
D:2:      layout_rooms, ebering_ecumenical_altar_hall, uniq_robin
D:3:      minmay_general_purpose_star, layout_loops_ring,
          mainiacjoe_overflow_catwalk, slow_altar_1, biasface_ghost_orc_armoury,
          roderic_roman_lattice
D:4:      layout_loops_ring, cheibrodos_sewer_entry_bend, uniq_menkaure
D:5:      layout_cave_pools, st_stairs_7, minmay_shop_damaged
D:6:      layout_rooms, eat_drink_and_be_merry_uskayaw, serial_shops,
          kennysheep_mini, gammafunk_ghost_arena, uniq_pikel, uniq_grinder
D:7:      layout_basic, minmay_temple_entry_mist, serial_curves, eino_curves_04,
          eino_curves_03, nicolae_shop_national_dungeon_mall
D:8:      layout_rooms, serial_shops, shop, grunt_decor_clamped
D:9:      layout_basic, nicolae_ru_path_of_blood, david_orc_5, st_stairs_5,
          nicolae_wooded_promenade, nicolae_shop_i_like_big_books,
          minmay_fractal_squares_5
D:10:     layout_long_grid, dk_yredelemnul_ordeal, grunt_temple_overflow_open,
          mainiacjoe_overflow_alcove_4, due_lair_maze_entry_diamond
D:11:     layout_loops_corners
D:12:     layout_loops_ring, serial_rivers, chequers_serial_rivers_large_b,
          chequers_serial_rivers_room_a, chequers_serial_rivers_micro_a,
          chequers_serial_rivers_room_b, chequers_serial_rivers_micro_c,
          uniq_lodul
D:13:     layout_cave_pools, serial_shops, shop, gauntlet_entry_generic,
          uniq_azrael
D:14:     layout_loops_corners, hellmonk_vaults_order_and_chaos,
          serial_library_hellmonk_junction, minmay_librarian
D:15:     grunt_enter_depths_magical_seal, layout_long_grid,
          nzn_hepliaklqana_mist_gate
Temple:   cyrus_circular_temple
Lair:1:   layout_hall_layers, uniq_grum
Lair:2:   layout_cellular_growth, minivault_11, eino_house_with_fridge,
          lemuel_fruit_tree, serial_bayou_shore_b, lemuel_fruit_fields
Lair:3:   layout_cave_pods, alex1729_swamp_entry_worm_eleionoma,
          dummy_snake_entry
Lair:4:   layout_roguey, slime_entry_1
Lair:5:   gammafunk_lair_ancient_temple, layout_regular_city, wad_woods_road_03,
          serial_bayou_shore_b, infiniplex_staircase_pool_2
Swamp:1:  layout_basic_swamp, evilmike_swamp_ruin_rubble_1, swamp_pool_4,
          uniq_nikola
Swamp:2:  layout_basic_swamp, evilmike_swamp_ruin_house_4, uniq_jorgrun
Swamp:3:  layout_basic_swamp, serial_swamp_ruin, evilmike_swamp_ruin_rubble_2,
          evilmike_swamp_ruin_house_2, swamp_pool_1_2,
          nicolae_swamp_bloodsuckers_inc, infiniplex_staircase_pool
Swamp:4:  swamp_vile, layout_basic_swamp, uniq_donald
Snake:1:  layout_gridlike, serial_shops, shop, uniq_frances
Snake:2:  layout_misc_corridors, serial_shops, nicolae_shop_window_shopping
Snake:3:  layout_cave_town, nicolae_integral_box, minmay_shop_grove
Snake:4:  grunt_snake_rune_serpentine_throne, layout_cave_town,
          hangedman_venom_bottle, grunt_megastairs_3
Orc:1:    emtedronai_trogs_sanctum, layout_diamond_mine, nicolae_specific_store,
          mines2_lemuel
Orc:2:    st_orc_open, layout_caves, kennysheep_orc_sif_temple, uniq_erolcha
Elf:1:    layout_geoelf_grid, nicolae_elf_crossing_hall
Elf:2:    elven_hall_of_blades_hangedman_original
          [nicolae_blade_entry_sentries_behind_glass], layout_geoelf_octagon,
          gammafunk_ghost_split, feat_on_display, uniq_norris
Elf:3:    minmay_elf_hall_curves, layout_geoelf_octagon, serial_shops, shop,
          st_stairs_13, nicolae_elf_glass_and_crystal_pillar_2
Vaults:1: gammafunk_ghost_grave, nicolae_vaults_ninety_degrees, v_misc_18,
          nicolae_vaults_specimen_jars, nicolae_vaults_shrinking_rooms_2,
          vaults_room_ringed_pool, vaults_mumra_hexcomb, v_misc_4,
          ontoclasm_vaults_eye, vaults_mumra_chevron,
          nicolae_vaults_trapezoid_3, nicolae_vaults_tetromino_T_1,
          ontoclasm_vaults_ring_large, nicolae_vaults_little_squares_4,
          nicolae_vaults_shipping_containers_4, ontoclasm_vaults_twist,
          layout_vaults_ring
Vaults:2: minmay_crypt_entry_nasty_monster, v_misc_14,
          nicolae_vaults_storage_room_doors, vaults_dpeg_emergency_exit,
          nicolae_vaults_trapezoid_lopsided_2, grunt_vaults_hallway_short,
          nicolae_vaults_border_crossing, vaults_mumra_hex,
          layout_vaults_quadrants, serial_shops, nicolae_shop_window_shopping,
          uniq_bai_suzhen
Vaults:3: mu_enter_wizlab_3, hangedman_vaults_stream, vaults_standard_mumra_x,
          grunt_tower_of_power, nicolae_vaults_six-pack,
          nicolae_vaults_hexular_roomagon, nicolae_vaults_spaceships,
          nicolae_vaults_turnstiles, vaults_dpeg_diagonal,
          nicolae_vaults_storage_closets_1, nicolae_vaults_tetromino_Z_1,
          vaults_dpeg_ring, layout_vaults_big_cross
Vaults:4: nicolae_vaults_tetromino_Z_1, vaults_dpeg_doors,
          grunt_vaults_hallway_long, nicolae_vaults_tetromino_T_1, v_rooms_4,
          grunt_vaults_swirl, nicolae_vaults_stairing_the_circle,
          ontoclasm_vaults_decontamination, v_misc_2, vaults_mumra_minichess,
          v_misc_9, nicolae_vaults_tetromino_Z_1, v_misc_24, v_misc_25,
          nicolae_vaults_security_offices_2, layout_vaults_omnibox,
          serial_shops, shop
Vaults:5: serial_shops, uniq_jory, uniq_boris, uniq_margery, uniq_mara
Depths:1: layout_roguey, pan_entry, hell_entry, evilmike_ruin_ashenzari
Depths:2: minmay_four_inscribed_fans, layout_basic, pf_coc_iceberg,
          rand_demon_pan_entry_4, serial_shops, nicolae_shop_tiny_glass,
          corexii_leaking_fountain, uniq_josephina
Depths:3: grunt_x_marks_the_spot, layout_cave_pools, enter_ziggurat_a,
          abyss_entry_crystal, hangedman_tar_grid_catacomb, bh_walls_and_bars
Depths:4: grunt_zot_entry_funnels, layout_cave_shapes, hell_entry,
          rand_demon_pan_entry_7, hangedman_decor_slide_cut,
          hangedman_abyss_or_decor_clamps, amcnicky_mini_pool_small, drop_trap
Zot:1:    layout_gridlike, grunt_megastairs_5, regret_index_zotdec_banners
Zot:2:    layout_twisted_circle
Zot:3:    grunt_zot_stairs_mandelzot, layout_basic, grunt_megastairs_1
Zot:4:    layout_onion_interference
Zot:5:    layout_cathedral_of_symmetry, nicolae_tricolors

Skill      XL: |  1  2  3  4  5  6  7  8  9 10 11 12 13 14 15 16 17 18 19 20 21 22 23 24 25 26 |
---------------+-------------------------------------------------------------------------------+-----
Polearms       | 3 4 5 7 8 9 12 14 17 19 21 23 24 25 27 | 27.0
Fighting       | 4 5 6 7 9 10 12 13 15 19 21 22 24 25 27 | 27.0
Dodging        | 10 14 17 18 | 18.1
Shapeshifting  | 4 14 19 21 22 | 22.4
Unarmed Combat | 9 10 | 10.2
Armour         | 3 7 8 |  8.0
Shields        | 4 10 16 20 22 | 22.4

Action                     |  1- 3 |  4- 6 |  7- 9 | 10-12 | 13-15 | 16-18 | 19-21 | 22-24 | 25-27 || total
---------------------------+-------+-------+-------+-------+-------+-------+-------+-------+-------++-------
  Melee: Trident           |    85 |   192 |   444 |     8 |       |       |       |       |       ||   729
         Tailslap          |       |     4 |     4 |     3 |    10 |     4 |    22 |       |       ||    47
         Demon trident     |       |       |       |   680 |   809 |  1336 |  1191 |  1169 |   666 ||  5851
         Glaive            |       |       |       |       |   453 |       |       |       |       ||   453
         Punch             |       |       |       |       |     4 |       |       |       |       ||     4
  Throw: Dart              |       |       |       |     1 |     1 |       |       |       |       ||     2
 Invoke: Call Merchant     |       |       |       |       |     4 |       |     1 |       |       ||     5
         Potion Petition   |       |       |       |       |     1 |     3 |     1 |       |       ||     5
         Bribe Branch      |       |       |       |       |       |       |     1 |       |     3 ||     4
  Evoke: Wand              |       |     3 |     8 |    17 |     9 |     6 |     1 |     2 |     7 ||    53
         Lightning rod     |       |       |       |     6 |    13 |     7 |    10 |       |       ||    36
         Condenser vane    |       |       |       |       |     1 |     2 |     3 |       |       ||     6
         Box of beasts     |       |       |       |       |     1 |     1 |       |       |       ||     2
    Use: Potion            |     4 |       |     1 |    13 |     5 |    19 |     7 |     6 |       ||    55
         Scroll            |       |    10 |     9 |    13 |    20 |    26 |    13 |     5 |    10 ||   106
   Stab: Paralysed         |       |       |    13 |     9 |     1 |       |       |       |       ||    23
         Distracted        |       |       |       |     1 |     9 |    10 |    14 |    16 |     8 ||    58
         Invisible         |       |       |       |     1 |     2 |     1 |       |     1 |       ||     5
 Armour: Scale mail        |    57 |    83 |   128 |       |       |       |       |       |       ||   268
         Chain mail        |       |       |    90 |   400 |   326 |       |       |       |       ||   816
         Skin              |       |       |       |       |     3 |    10 |       |       |       ||    13
         Gold dragon scale |       |       |       |       |   563 |   572 |  1014 |   552 |   251 ||  2952
  Dodge: Dodged            |    29 |    57 |   103 |   113 |   236 |   234 |   452 |   225 |   105 ||  1554
         Repelled          |       |       |       |     3 |     3 |       |       |       |       ||     6
  Block: Buckler           |    13 |    22 |    68 |   245 |   173 |   310 |   419 |       |       ||  1250
         Reflection        |       |       |       |    19 |    15 |    48 |    38 |     4 |       ||   124
         Other             |       |       |       |       |    84 |       |       |     2 |       ||    86
         Tower shield      |       |       |       |       |       |       |   144 |  1174 |   587 ||  1905
   Form: Beast             |       |     1 |       |       |       |       |       |       |       ||     1
                           |       |       |     1 |       |       |       |       |       |       ||     1

Table legend: (Time is in decaauts)
 A = Elapsed time spent in this place.
 B = Non-inter-level travel time spent in this place.
 C = Inter-level travel time spent in this place.
 D = Time resting spent in this place.
 E = Time spent auto-exploring this place.
 F = Levels seen in this place.
 G = Mean time per level.
                   A        B        C        D        E       F      G
               +--------+--------+--------+--------+--------+-----+--------+
         Total |  62284 |  57101 |   5183 |   7354 |  38571 |  52 | 1197.8 |
       Dungeon |  17421 |  15600 |   1821 |   1131 |  11839 |  15 | 1161.4 |
        Temple |     53 |      3 |     50 |      0 |      0 |   1 |   53.0 |
          Lair |   6636 |   6081 |    555 |    656 |   4553 |   5 | 1327.2 |
         Swamp |   3905 |   3722 |    183 |   1149 |   2018 |   4 |  976.2 |
     Snake Pit |   5921 |   5676 |    245 |    393 |   4436 |   4 | 1480.2 |
  Orcish Mines |   3805 |   3586 |    219 |   1022 |   1739 |   2 | 1902.5 |
   Elven Halls |   5390 |   4645 |    745 |   1442 |   2336 |   3 | 1796.7 |
        Vaults |  11765 |  11227 |    538 |   1200 |   8153 |   5 | 2353.0 |
        Depths |   4034 |   3728 |    306 |      0 |   2310 |   4 | 1008.5 |
           Zot |   2047 |   1530 |    517 |     68 |    543 |   5 |  409.4 |
      Ziggurat |    121 |    121 |      0 |      0 |     67 |   2 |   60.5 |
         Sewer |    608 |    608 |      0 |      0 |    445 |   1 |  608.0 |
      Gauntlet |    574 |    574 |      0 |    291 |    128 |   1 |  574.0 |
               +--------+--------+--------+--------+--------+-----+--------+

Top non-repeatable levels by time:
Vaults:4: 2873 daAuts
   Elf:3: 2701 daAuts
 Snake:4: 2406 daAuts
Vaults:1: 2389 daAuts
Vaults:5: 2384 daAuts
Vaults:3: 2244 daAuts
  Lair:5: 2138 daAuts
   Orc:1: 2106 daAuts
     D:9: 1905 daAuts
Vaults:2: 1873 daAuts
  Lair:3: 1725 daAuts
   Orc:2: 1699 daAuts
    D:14: 1651 daAuts
 Swamp:1: 1630 daAuts
    D:15: 1458 daAuts
